 Dungeon Crawl Stone Soup version 0.30.1-11-g7821555f0a (webtiles) character file.

Game seed: 658155076562686982

289 lonewolfV2 the Trooper (level 6, -8/51 HPs)
             Began as a Formicid Fighter on Nov 15, 2023.
             Mangled by an ogre
             ... wielding a +0 giant club
              (25 damage)
             ... on level 4 of the Dungeon.
             The game lasted 00:04:06 (3236 turns).

lonewolfV2 the Trooper (Formicid Fighter)           Turns: 3236, Time: 00:04:06

Health: -8/51      AC: 13    Str: 21    XL:     6   Next: 57%
Magic:  6/6        EV:  5    Int:  7    God:
Gold:   152        SH:  5    Dex: 15    Spells: 5/5 levels left

rFire   . . .        a - +1 war axe
rCold   . . .        c - +0 buckler
rNeg    . . .        g - +0 plate armour
rPois   .            (helmet unavailable)
rElec   .            i - +0 cloak
rCorr   .            f - +0 pair of gloves
SInv    +            (no boots)
Will    .....        (no amulet) Stlth
                     h - ring of flight
HPRegen 0.28/turn    (no ring)
MPRegen 0.10/turn

%: no passive effects
@: flying
A: permanent stasis, dig shafts and tunnels, antennae 3, four strong arms
a: Dig, Shaft Self


You were on level 4 of the Dungeon.
You visited 1 branch of the dungeon, and saw 4 of its levels.
You also visited: Ossuary.

You collected 152 gold pieces.

Inventory:

Hand Weapons
 a - a +1 war axe (weapon)
Missiles
 l - 3 throwing nets
Armour
 c - a +0 buckler (worn)
 f - a +0 pair of gloves (worn)
 g - a +0 plate armour (worn)
 i - a +0 cloak (worn)
Jewellery
 h - a ring of flight (left hand)
Scrolls
 m - a scroll of blinking {unknown}
 s - a scroll of summoning
Potions
 b - a potion of lignification
 d - 3 potions of might
 e - a potion of brilliance {unknown}
 k - a potion of resistance
 n - 3 potions of magic
 o - 5 potions of degeneration
 p - a potion of cancellation {unknown}
 q - 2 potions of heal wounds {unknown}


   Skills:
 + Level 5.3 Fighting
 + Level 5.2 Axes
 - Level 3.2 Armour
 - Level 4.0 Shields


You had 5 spell levels left.
You didn't know any spells.
Your spell library contained the following spells:

 Spells                   Type           Power      Damage    Failure   Level
 Freeze                   Ice            0%         1d3       100%        1
 Frozen Ramparts          Ice            0%         1d1       100%        3
 Hailstorm                Conj/Ice       0%         3d3       100%        3
 Ozocubu's Armour         Ice            0%         N/A       100%        3
 Tukima's Dance           Hex            0%         N/A       100%        3
 Passage of Golubria      Tloc           0%         N/A       100%        4
 Metabolic Englaciation   Hex/Ice        0%         N/A       100%        5
 Yara's Violent Unravell  Hex/Tmut       0%         3d3       100%        5
 Simulacrum               Ice/Necr       0%         N/A       100%        6


Dungeon Overview and Level Annotations

Branches:
Dungeon (4/15)            Ossuary (visited)
 Temple: D:4-7

Altars:

Shops:
D:2 [

Annotations:
D:4 1 runed translucent door, Crazy Yiuf


Innate Abilities, Weirdness & Mutations

You cannot be hasted, slowed, berserked, paralysed or teleported.
You can dig through walls and to a lower floor.
You have a pair of large antennae on your head. (SInv)
Your four strong arms can wield two-handed weapons with a shield.


Message History

The kobold barely misses you.
You hit the kobold.
You kill the kobold!
You slash the kobold!
You kill the kobold!
You see here a +0 whip.
Found a morningstar.
Found a stone staircase leading up.
m - a scroll labelled KEANUA LIRER
Found a war axe.
You see here a +0 war axe.
Found 5 stones.
You sense a monster nearby.
Found an escape hatch in the ceiling.
An ogre comes into view. It is wielding a +0 giant club.
An ogre is nearby!
An ogre is nearby!
The ogre hits you with a +0 giant club!
You hit the ogre.
The ogre is lightly wounded.
The ogre hits you with a +0 giant club!!
Ouch! That really hurt!
* * * LOW HITPOINT WARNING * * *
You barely miss the ogre.
The ogre is lightly wounded.
The ogre hits you with a +0 giant club!
* * * LOW HITPOINT WARNING * * *
You feel better.
You feel better. The ogre hits you but does no damage.
A quokka comes into view.
You barely miss the ogre.
The ogre is lightly wounded.
You block the ogre's attack.
You hit the ogre.
The ogre is heavily wounded.
The ogre hits you with a +0 giant club!!
* * * LOW HITPOINT WARNING * * *
You feel better.
You feel better.
The ogre hits you with a +0 giant club!!
You die...

.. .#...#.###.#....#...
...
#.#.#.#...###...#...
#..#.#.#.#....#.###.#..
..#.#.#.#.....#...###.
#...#...#....#....#.#
#...#.(.##...#..<..#
#.{.#...#.###.#....#.
#O#.#.#)..###...#. #
#@#.#.#....#.###.#
#.#.#.#.#)....#...##
#...#...#....#....#
#.<.#...##...#.....
#...#...#.###.#....
.#.#.#.#.. ..###...
#.#.#.#.#.. ...#.###
#.#.#.# #..... ...#...
.. #.....


You could see an ogre.

Vanquished Creatures
  A centaur zombie (Ossuary)
  A human zombie (Ossuary)
  A hound (D:4)
  5 mummies (Ossuary)
  2 adders
  4 gnolls (D:2)
  3 dart slugs
  8 ball pythons
  8 bats
  6 endoplasms
  A giant cockroach (D:1)
  6 goblins
  8 hobgoblins
  2 jackals (D:4)
  A quokka (D:3)
  7 frilled lizards
  A goblin zombie (Ossuary)
  A hobgoblin zombie (Ossuary)
  6 kobolds
  4 kobold zombies (Ossuary)
  5 rats
81 creatures vanquished.

Notes
Turn   | Place    | Note
-------+----------+-------------------------------------------
     0 | D:1      | lonewolfV2 the Formicid Fighter began the quest for the
                  | Orb.
     0 | D:1      | Reached XP level 1. HP: 18/18 MP: 1/1
   119 | D:1      | Reached XP level 2. HP: 16/24 MP: 2/2
   298 | D:1      | Reached XP level 3. HP: 30/30 MP: 3/3
  1155 | D:2      | Reached XP level 4. HP: 37/37 MP: 4/4
  1254 | D:2      | Found Lipsiyzi's Antique Armour Shoppe.
  1422 | D:2      | Found a faded altar of an unknown god.
  1608 | D:3      | Reached XP level 5. HP: 42/42 MP: 5/5
  2123 | D:3      | Identified the +9 short sword of Nubiuhua {freeze, rC+}
  2649 | D:4      | Found a sand-covered staircase.
  2666 | Ossuary  | Entered an ossuary
  2696 | Ossuary  | Reached XP level 6. HP: 22/50 MP: 6/6
  2968 | Ossuary  | Reached skill level 5 in Fighting
  3011 | Ossuary  | Reached skill level 5 in Axes
  3151 | D:4      | Found a runed translucent door.
  3152 | D:4      | Noticed Crazy Yiuf
  3221 | D:4      | Noticed an ogre
  3236 | D:4      | Mangled by an ogre

Illustrated notes

Levels and vault maps discovered:
D:1:      pf_arrival_petrified_forest, layout_basic,
          hangedman_decor_diamond_cutter
D:2:      layout_loops_ring, serial_shops, nicolae_lakefront_shop,
          ebering_ecumenical_altar_mist
D:3:      layout_basic, minmay_misc_feat_room
D:4:      nicolae_BIG_FREAKIN_CUBE, layout_cave_pools,
          nicolae_kikubaaqudgha_miasma_corner, temple_green,
          gammafunk_ghost_cemetery, nicolae_ossuary_entry_monument,
          chequers_serial_rivers_small_3, uniq_blork_the_orc,
          uniq_crazy_yiuf_cottage, uniq_edmund

Skill      XL: |  1  2  3  4  5  6 |
---------------+-------------------+-----
Axes           | 3 4 5 |  5.2
Fighting       | 4 5 |  5.3
Armour         | |  3.2
Shields        | |  4.0

Action                     |  1- 3 |  4- 6 || total
---------------------------+-------+-------++-------
  Melee: War axe           |    84 |   119 ||   203
    Use: Scroll            |     3 |     9 ||    12
         Potion            |       |     4 ||     4
 Armour: Scale mail        |    17 |       ||    17
         Plate armour      |    53 |    81 ||   134
  Dodge: Dodged            |    31 |    30 ||    61
  Block: Buckler           |    24 |    32 ||    56
